 Dungeon Crawl Stone Soup version 0.29.1-1-gd02db6906a (webtiles) character file.

Game seed: 7325582804058306370

91 fireball365 the Digger (level 4, -2/33 HPs)
             Began as a Demigod Earth Elementalist on Oct 4, 2022.
             Slain by a black bear (6 damage)
             ... on level 3 of the Dungeon.
             The game lasted 00:16:41 (2518 turns).

fireball365 the Digger (Demigod Earth Elementalist) Turns: 2518, Time: 00:16:42

Health: -2/33      AC:  9    Str:  8 (9)  XL:     4   Next: 12%
Magic:  9/10       EV:  3    Int: 18 (21) God:
Gold:   165        SH:  5    Dex: 13 (14) Spells: 7/8 levels left

rFire   . . .      SeeInvis .   e - +3 mace (holy)
rCold   . . .      Faith    .   (no shield)
rNeg    . . .      Spirit   .   s - +0 chain mail
rPois   .          Reflect  +   (no helmet)
rElec   .          Harm     .   (no cloak)
rCorr   .          Rampage  .   (no gloves)
Will    .....                   k - +0 pair of boots
Stlth   ..........              j - amulet of reflection
HPRegen 0.11/turn               (no ring)
MPRegen 0.12/turn               (no ring)

@: very slightly contaminated
A: high MP 1, forlorn, divine attributes
a: no special abilities


You were on level 3 of the Dungeon.
You visited 1 branch of the dungeon, and saw 3 of its levels.

You collected 165 gold pieces.

Inventory:

Hand Weapons
 a - a +0 flail
 c - a +0 club
 e - a +3 mace of holy wrath (weapon)
 f - a +0 flail
 p - a +0 whip
Missiles
 d - 5 stones
 i - 4 silver javelins (quivered)
Armour
 k - a +0 pair of boots (worn)
 s - a +0 chain mail (worn)
Jewellery
 j - an amulet of reflection (around neck)
Scrolls
 g - a scroll of torment
 h - a scroll of identify
 l - a scroll of amnesia
Potions
 b - 2 potions of magic
 m - a potion of curing
 n - 2 potions of heal wounds
 o - a potion of haste


   Skills:
 + Level 0.1 Fighting
 + Level 0.5 Armour
 + Level 1.8 Dodging
 + Level 2.0 Stealth
 + Level 2.7 Spellcasting
 + Level 0.8 Transmutations
 + Level 3.8 Earth Magic


You had 7 spell levels left.
You knew the following spells:

 Your Spells              Type           Power      Damage    Failure   Level
a - Sandblast             Erth           32%        2d9       100%        1

Your spell library contained the following spells:

 Spells                   Type           Power      Damage    Failure   Level
 Foxfire                  Conj/Fire      8%         2x1d4     100%        1
 Necrotise                Necr           8%         1d4       100%        1
 Passwall                 Tmut/Erth      8%         N/A       100%        2
 Stone Arrow              Conj/Erth      18%        3d8       100%        3
 Vampiric Draining        Necr           2%         2d6       100%        3
 Petrify                  Tmut/Erth      10%        N/A       100%        4
 Summon Ice Beast         Ice/Summ       2%         N/A       100%        4
 Starburst                Conj/Fire      1%         6d3       100%        6
 Orb of Destruction       Conj           1%         9d5       100%        7
 Necromutation            Tmut/Necr      1%         N/A       100%        8


Dungeon Overview and Level Annotations

Branches:
Dungeon (3/15)


Innate Abilities, Weirdness & Mutations

You have an increased reservoir of magic. (+10% MP)
You shall have no god before yourself.
Your divine heritage dramatically boosts your attributes as you level up.


Message History

The black bear claws you but does no damage.
You closely miss the black bear.
The black bear is lightly wounded.
The black bear bites you but does no damage.
The black bear barely misses you. The black bear claws you.
You sock the black bear!
The black bear is moderately wounded.
You block the black bear's attack. x2
The black bear claws you but does no damage.
The black bear bites you.
The black bear claws you but does no damage. x2
You closely miss the black bear.
The black bear is moderately wounded.
The black bear bites you.
The black bear claws you but does no damage. x2
You closely miss the black bear.
The black bear is moderately wounded.
The black bear bites you but does no damage.
The black bear claws you but does no damage. x2
You hit the black bear.
The black bear is heavily wounded.
The black bear bites you but does no damage.
The black bear claws you.
The black bear claws you but does no damage.
The black bear bites you but does no damage.
The black bear claws you but does no damage.
The black bear claws you.
You barely miss the black bear.
The black bear is heavily wounded.
The black bear bites you.
The black bear claws you but does no damage. x2
You closely miss the black bear.
The black bear is heavily wounded.
The black bear bites you.
* * * LOW HITPOINT WARNING * * *
The black bear claws you but does no damage.
The black bear claws you.
* * * LOW HITPOINT WARNING * * *
The black bear bites you.
You die...

#.#.#.#.#. ##.........
#..#.#.#.#. #..........
#..#.#.#.#. #..........
#..###.#### ###### ##.#
#.#### #@...# #.#
#...#. #h##.# #.#
#.#.#. #.##.####.#
###.#) ###
#.#.....#.### #.#. #...
..#####.....###.#.
#.##########.......#.#.
#.#..................#.
#................####
#......##........#


You could see a black bear.

Vanquished Creatures
  2 adders (D:3)
  3 gnolls (D:2)
  A worm (D:2)
  2 dart slugs
  2 endoplasms
  5 goblins
  4 hobgoblins
  3 kobolds
  4 quokkas
  2 ball pythons (D:3)
  4 bats
  2 frilled lizards (D:2)
  3 rats
37 creatures vanquished.

Notes
Turn   | Place    | Note
-------+----------+-------------------------------------------
     0 | D:1      | fireball365 the Demigod Earth Elementalist began the quest
                  | for the Orb.
     0 | D:1      | Reached XP level 1. HP: 14/14 MP: 5/5
    69 | D:1      | Got Himuum's Papyrus of Conflict
   125 | D:1      | Reached skill level 3 in Earth Magic
   270 | D:1      | Reached XP level 2. HP: 11/20 MP: 5/7
   888 | D:2      | Reached XP level 3. HP: 25/26 MP: 0/9
  2146 | D:3      | Got Sif Muna's Codex of Unholy Congelation
  2165 | D:3      | Reached XP level 4. HP: 31/33 MP: 6/10
  2507 | D:3      | Noticed a black bear
  2518 | D:3      | Slain by a black bear

Illustrated notes

Levels and vault maps discovered:
D:1:      nicolae_arrival_memento_mori, layout_loops_ring,
          kennysheep_another_room
D:2:      wad_pebble_path, layout_loops_ring, minmay_splitting_lines,
          kennysheep_generic_room_14
D:3:      layout_loops_ring, serial_co_window_serial, co_window_paths_a,
          co_window_paths_a, co_window_corner_a, co_window_paths_a,
          co_window_paths_a, co_window_corner_b, co_window_broadway_c,
          co_window_cross_2, co_window_of_opportunity_c, co_window_broadway_b,
          co_window_paths_e, glass_columns_c, glass_columns_a

Skill      XL: |  1  2 |
---------------+-------+-----
Earth Magic    | 3 |  3.8
Spellcasting   | 2 |  2.7
Stealth        | 2 |  2.0
Fighting       | |  0.1
Armour         | |  0.5
Dodging        | |  1.8
Transmutations | |  0.8

Action                   |  1- 3 |  4- 6 || total
-------------------------+-------+-------++-------
Melee: Mace              |    16 |    13 ||    29
       Punch             |     1 |       ||     1
 Cast: Sandblast         |    44 |       ||    44
  Use: Potion            |     3 |       ||     3
       Scroll            |     3 |     2 ||     5
Armor: Robe              |     2 |       ||     2
       Chain mail        |     2 |    24 ||    26
       Ring mail         |     1 |       ||     1
Dodge: Dodged            |    18 |     4 ||    22
Block: Other             |     6 |     5 ||    11
